 Dungeon Crawl Stone Soup version 0.28.0-53-g5a82cb258f (webtiles) character file.

Game seed: 4395477267394338766

9 idk333 the Slasher (level 2, 0/27 HPs)
             Began as a Minotaur Berserker on Sept 23, 2022.
             Was a Follower of Trog.
             Frozen to death by an endoplasm (5 damage)
             ... on level 1 of the Dungeon.
             The game lasted 00:00:58 (137 turns).

idk333 the Slasher (Minotaur Berserker)              Turns: 137, Time: 00:00:59

Health: 0/27       AC:  2    Str: 21    XL:     2   Next: 6%
Magic:  1/1        EV: 12    Int:  4    God:    Trog [*.....]
Gold:   0          SH:  0    Dex:  9    Spells: 1/1 levels left

rFire   . . .      SeeInvis .   a - +0 falchion
rCold   . . .      Faith    .   (no shield)
rNeg    . . .      Spirit   .   b - +0 animal skin
rPois   .          Reflect  .   (helmet restricted)
rElec   .          Harm     .   (no cloak)
rCorr   .          Rampage  .   (no gloves)
Will    .....                   (no boots)
Stlth   +.........              (no amulet)
HPRegen 0.09/turn               (no ring)
MPRegen 0.07/turn               (no ring)

@: no status effects
A: horns 2, retaliatory headbutt
a: Renounce Religion, Berserk


You were on level 1 of the Dungeon.
You worshipped Trog.
Trog was aware of your devotion.
You visited 1 branch of the dungeon, and saw 1 of its levels.

Inventory:

Hand Weapons
 a - a +0 falchion (weapon)
Armour
 b - a +0 animal skin (worn)
Scrolls
 c - a scroll of identify {unknown}


   Skills:
 + Level 3.8 Fighting
 + Level 4.1 Long Blades
 + Level 2.4 Armour
 + Level 2.3 Dodging


You had one spell level left.
You didn't know any spells.
Your spell library was empty.

Dungeon Overview and Level Annotations

Branches:
Dungeon (1/15)

Altars:


Innate Abilities, Weirdness & Mutations

You have a pair of horns on your head.
You reflexively headbutt those who attack you in melee.


Message History

The frilled lizard bites you.
You see here 21 stones.
The frilled lizard barely misses you.
You closely miss the frilled lizard. The frilled lizard misses you.
You slash the frilled lizard!
You kill the frilled lizard!
Trog accepts your kill. The jackal closely misses you. You furiously retaliate!
You headbutt the jackal!
You kill the jackal!
Trog accepts your kill.
Your Long Blades skill increases to level 4!
The endoplasm jiggles.
You hit the goblin.
You kill the goblin!
Trog accepts your kill.
You have reached level 2!
The jackal closely misses you.
You closely miss the jackal. The jackal barely misses you. x2
You closely miss the jackal. The jackal closely misses you.
The jackal bites you.
You hit the jackal but do no damage. Your headbutt misses the jackal.
The jackal bites you. x2
You barely miss the jackal. Your headbutt misses the jackal.
The jackal bites you.
You hit the jackal. Your headbutt misses the jackal.
The jackal is almost dead.
The jackal bites you.
* * * LOW HITPOINT WARNING * * *
The goblin closely misses you. The jackal closely misses you.
You hit the jackal.
You kill the jackal!
Trog accepts your kill. The goblin hits you with a +0 club.
* * * LOW HITPOINT WARNING * * *
You hit the endoplasm but do no damage. The goblin barely misses you.
You furiously retaliate!
You headbutt the goblin. The endoplasm freezes you.
You are frozen.
You die...

#..#...#.###...#
########..# #
#......#..#
#.##.#....#
#.##.### #..#...
##.###.#
#...#### #...#@#
#...gJ# #####.#
#.#
#######.###.#..
..
...............
..
#######)###....
..
...............
##.
#######.##..[..


You could see an endoplasm and a goblin.

Vanquished Creatures
  An endoplasm (D:1)
  A goblin (D:1)
  3 jackals (D:1)
  A ball python (D:1)
  A bat (D:1)
  A frilled lizard (D:1)
  A rat (D:1)
9 creatures vanquished.

Notes
Turn   | Place    | Note
-------+----------+-------------------------------------------
     0 | D:1      | idk333 the Minotaur Berserker began the quest for the Orb.
     0 | D:1      | Reached XP level 1. HP: 19/19 MP: 0/0
   108 | D:1      | Reached skill level 4 in Long Blades
   126 | D:1      | Reached XP level 2. HP: 12/27 MP: 1/1
   137 | D:1      | Frozen to death by an endoplasm

Illustrated notes

Levels and vault maps discovered:
D:1:      psy_arrival_radial01, layout_rooms, hangedman_decor_push

Skill      XL: |  1 |
---------------+----+-----
Long Blades    | 4 |  4.1
Fighting       | |  3.8
Armour         | |  2.4
Dodging        | |  2.3

Action                   || total
-------------------------++-------
Melee: Falchion          ||    16
       Headbutt          ||     1
Armor: Animal skin       ||     2
Dodge: Dodged            ||    26
